 Dungeon Crawl Stone Soup version 0.31-a0-233-g139696dc86 (webtiles) character file.

Game seed: 6051343727308712132

704 Iniera the Magician (level 7, -11/36 HPs)
             Began as a Deep Elf Air Elementalist on July 8, 2023.
             Mangled by an ogre
             ... wielding a +0 giant club
              (31 damage)
             ... on level 5 of the Dungeon.
             The game lasted 00:08:30 (4795 turns).

Iniera the Magician (Deep Elf Air Elementalist)     Turns: 4795, Time: 00:08:31

Health: -11/36     AC:  4    Str:  5    XL:     7   Next: 39%
Magic:  5/17       EV: 14    Int: 22    God:
Gold:   529        SH:  0    Dex: 15    Spells: 7/17 levels left

rFire   . . .        h - +2 dagger (venom)
rCold   . . .        (no shield)
rNeg    . . .        l - +1 robe {Will+}
rPois   .            (no helmet)
rElec   .            (no cloak)
rCorr   .            (no gloves)
SInv    .            a - +0 pair of boots
Will    +....        (no amulet)
Stlth   +++          (no ring)
HPRegen 0.26/turn    (no ring)
MPRegen 0.15/turn

%: no passive effects
@: lethally poisoned (-11 -> -14)
A: no striking features
a: no special abilities


You were on level 5 of the Dungeon.
You visited 1 branch of the dungeon, and saw 5 of its levels.
You also visited: Ossuary.

You collected 529 gold pieces.

Inventory:

Hand Weapons
 h - a +2 dagger of venom (weapon)
Missiles
 i - a throwing net
Armour
 a - a +0 pair of boots (worn)
 l - a +1 robe of willpower (worn)
Wands
 n - a wand of paralysis (11)
Scrolls
 c - 3 scrolls of vulnerability
 f - a scroll of fear
 j - a scroll of identify
 o - 2 scrolls of fog
 q - 2 scrolls of poison
 t - a scroll of amnesia
 u - a scroll of teleportation
Potions
 b - a potion of magic
 d - 4 potions of heal wounds
 e - a potion of berserk rage {unknown}
 g - 5 potions of curing
 k - a potion of attraction {unknown}
 m - 2 potions of mutation {unknown}
 p - a potion of invisibility {unknown}
 r - 2 potions of brilliance {unknown}
 s - a potion of lignification {unknown}
 v - a potion of haste {unknown}
 w - a potion of resistance {unknown}
 x - a potion of enlightenment {unknown}
 z - a potion of ambrosia {unknown}


   Skills:
 + Level 4.8 Dodging
 + Level 5.3 Stealth
 + Level 5.7 Spellcasting
 + Level 3.9 Conjurations
 + Level 4.6 Air Magic


You had 7 spell levels left.
You knew the following spells:

 Your Spells              Type           Power      Damage    Failure   Level
a - Shock                 Conj/Air       100%       1d9       1%          1
b - Static Discharge      Conj/Air       50%        2-5/arc   2%          2
c - Swiftness             Air            26%        N/A       4%          3
d - Airstrike             Air            13%        2d(2-18)  14%         4

Your spell library contained the following spells:

 Spells                   Type           Power      Damage    Failure   Level
 Poisonous Vapours        Pois/Air       32%        N/A       5%          2
 Mephitic Cloud           Conj/Pois/Air  18%        N/A       9%          3
 Freezing Cloud           Conj/Ice/Air   9%         6-21      63%         5


Dungeon Overview and Level Annotations

Branches:
Dungeon (5/15)            Ossuary (visited)
 Temple: D:4-7

Altars:
Sif Muna
Uskayaw


Message History

The water moccasin bites you.
You are poisoned.
The water moccasin poisons you!
The zap hits the water moccasin.
You kill the water moccasin!
The zap hits the ogre.
The ogre is heavily wounded.
You feel very sick.
The zap hits the ogre.
The ogre is heavily wounded.
You feel sick.
The zap hits the ogre.
The ogre is heavily wounded.
You feel sick.
You are too injured to fight recklessly!
You are too injured to fight recklessly!
You are too injured to fight recklessly!
Aiming: Shock (safe; 1% risk of failure)
Press: ? - help, Q - select action, (/) - cycle Shift-Dir - straight line, f/p - ogre
Aim: an ogre, wielding a +0 giant club (heavily wounded, 88% to hit)
The zap hits the ogre.
The ogre is severely wounded.
You feel sick.
Unknown command.
Aiming: Shock (safe; 1% risk of failure)
Press: ? - help, Q - select action, (/) - cycle Shift-Dir - straight line, f/p - ogre
Aim: an ogre, wielding a +0 giant club (severely wounded, 88% to hit)
The zap hits the ogre.
The ogre is almost dead.
You feel sick. The ogre barely misses you.
Unknown command.
Casting: Shock (safe; 1% risk of failure)
Confirm with . or Enter, or press ? or * to list all spells.
The ogre is struck by an arc of lightning.
The ogre is almost dead.
You are struck by an arc of lightning.
The lightning grounds out.
You feel sick.
The ogre hits you with a +0 giant club!!
Ouch! That really hurt!
You die...

*,,,,,,,,**,,*,*****#.
*,,,...,,,,,,,,*,,* #.
*,,,...,,**,,**#..# #.
***,#.#****,,* #..###.
******,#..,,,,,,###......
*,,,,,,#.#****#.#<...####
*,*****#.# #..........
*,* #O# ###..##..#### *,*
#@# ##...###..####
*.######.###..#..........
*...........>......######
*######............+,,,,,
#####........#****#
##.>......#****
#....†....+,,,**
#.........#**,,,
#)........# ****


You could see an ogre.

Vanquished Creatures
  A water moccasin (D:5)
  An ogre (D:4)
  2 hounds (D:5)
  2 jellies (D:4)
  3 iguanas (D:4)
  8 mummies (Ossuary)
  9 adders
  3 gnolls (D:5)
  An ufetubus (D:3)
  3 worms
  4 dart slugs
  2 orcs (D:4)
  12 ball pythons
  5 bats
  8 endoplasms
  A giant cockroach (D:4)
  3 gnoll zombies (Ossuary)
  7 goblins
  4 hobgoblins
  7 jackals
  6 kobolds
  3 kobold zombies (Ossuary)
  2 orc zombies (Ossuary)
  5 rats
102 creatures vanquished.

Notes
Turn   | Place    | Note
-------+----------+-------------------------------------------
     0 | D:1      | Iniera the Deep Elf Air Elementalist began the quest for
                  | the Orb.
     0 | D:1      | Reached XP level 1. HP: 10/10 MP: 6/6
   221 | D:1      | Found a faded altar of an unknown god.
   328 | D:1      | Reached XP level 2. HP: 14/15 MP: 0/8
   896 | D:2      | Reached XP level 3. HP: 19/19 MP: 7/10
  1057 | D:2      | Found a hide-covered altar of Uskayaw.
  1483 | D:2      | Learned a level 2 spell: Static Discharge
  1487 | D:2      | Learned a level 3 spell: Swiftness
  1597 | D:3      | Reached XP level 4. HP: 13/24 MP: 0/11
  2743 | D:4      | Reached XP level 5. HP: 19/28 MP: 3/13
  2783 | D:4      | Learned a level 4 spell: Airstrike
  3039 | D:4      | Noticed an ogre
  3051 | D:4      | Killed an ogre
  3052 | D:4      | Reached XP level 6. HP: 12/32 MP: 3/15
  3899 | D:5      | Entered Level 5 of the Dungeon
  3924 | D:5      | Reached skill level 5 in Spellcasting
  4088 | D:5      | Found a shimmering blue altar of Sif Muna.
  4104 | D:5      | Found a sand-covered staircase.
  4111 | Ossuary  | Entered an ossuary
  4214 | Ossuary  | Reached XP level 7. HP: 32/36 MP: 4/16
  4222 | Ossuary  | Reached skill level 5 in Stealth
  4795 | D:5      | Mangled by an ogre

Illustrated notes

Levels and vault maps discovered:
D:1:      wander_arrival_lonely_grave, layout_rooms,
          nicolae_ecumenical_snake_handling, minmay_misc_feat_diagonals
D:2:      layout_basic, basic_altar
D:3:      layout_loops_ring, minmay_quadrilaterals
D:4:      layout_cave_pods, hangedman_minor_gate_pass
D:5:      layout_basic, mainiacjoe_overflow_alcove_1, enter_ossuary_1

Skill      XL: |  1  2  3  4  5  6  7 |
---------------+----------------------+-----
Stealth        | 3 4 5 |  5.3
Dodging        | 3 4 |  4.8
Conjurations   | 2 3 |  3.9
Spellcasting   | 4 5 |  5.7
Air Magic      | 4 |  4.6

Action                     |  1- 3 |  4- 6 |  7- 9 || total
---------------------------+-------+-------+-------++-------
  Melee: Unarmed           |     6 |       |       ||     6
         Dagger            |     3 |    46 |     4 ||    53
   Cast: Shock             |    81 |   141 |    50 ||   272
         Static Discharge  |       |     4 |     2 ||     6
    Use: Scroll            |     5 |     6 |     2 ||    13
   Stab: Sleeping          |       |     3 |       ||     3
 Armour: Robe              |     9 |    24 |     1 ||    34
  Dodge: Dodged            |    35 |    51 |     3 ||    89

Table legend: (Time is in decaauts)
 A = Elapsed time spent in this place.
 B = Non-inter-level travel time spent in this place.
 C = Inter-level travel time spent in this place.
 D = Time resting spent in this place.
 E = Time spent auto-exploring this place.
 F = Levels seen in this place.
 G = Mean time per level.
                   A        B        C        D        E       F      G
               +--------+--------+--------+--------+--------+-----+--------+
         Total |   4793 |   4611 |    182 |    195 |   3750 |   6 |  798.8 |
       Dungeon |   4204 |   4022 |    182 |     96 |   3414 |   5 |  840.8 |
       Ossuary |    588 |    588 |      0 |     99 |    336 |   1 |  588.0 |
               +--------+--------+--------+--------+--------+-----+--------+

Top non-repeatable levels by time:
     D:4: 1413 daAuts
     D:3: 973 daAuts
     D:2: 780 daAuts
     D:1: 730 daAuts
 Ossuary: 588 daAuts
     D:5: 306 daAuts
